 Dungeon Crawl Stone Soup version 0.31.0-11-ge490571c62 (webtiles) character file.

Game seed: 7435399350848090486

7114 ces the Skirmisher (level 10, -11/46 HPs)
             Began as a Spriggan Hunter on Jan 26, 2024.
             Was an Initiate of Gozag.
             Shot with an arrow by a centaur (16 damage)
             ... on level 9 of the Dungeon on Jan 27, 2024.
             The game lasted 00:35:58 (15001 turns).

ces the Skirmisher (Spriggan Hunter)               Turns: 15001, Time: 00:35:59

Health: -11/46     AC:  2    Str:  7    XL:     10   Next: 85%
Magic:  11/11      EV: 23    Int: 11    God:    Gozag
Gold:   1322       SH:  0    Dex: 23    Spells: 9/9 levels left

rFire   . . .        a - +0 shortbow
rCold   . . .        (shield currently unavailable)
rNeg    . . .        c - +0 robe
rPois   .            (helmet restricted)
rElec   .            (no cloak)
rCorr   .            (gloves unavailable)
SInv    +            (boots unavailable)
Will    +....        (no amulet)
Stlth   +++          (no ring)
HPRegen 0.27/turn    (no ring)
MPRegen 0.12/turn

%: no passive effects
@: studying Armour, very quick
A: very small, no large weapons, unfitting armour, see invisible, speed 3
a: Renounce Religion, Potion Petition, Call Merchant, Bribe Branch


You were on level 9 of the Dungeon.
You worshipped Gozag.
Gozag was most pleased with you.
You visited 2 branches of the dungeon, and saw 10 of its levels.

You collected 1444 gold pieces.
You paid 122 gold pieces to Gozag.

Inventory:

Hand Weapons
 a - a +0 shortbow (weapon)
 b - a +1 dagger of electrocution
Missiles
 h - 2 throwing nets
Armour
 c - a +0 robe (worn)
Jewellery
 k - a ring of protection from fire
 l - a ring of poison resistance
 p - a ring of magical power
Wands
 g - a wand of polymorph (12)
 w - a wand of paralysis (9)
Scrolls
 d - 10 scrolls of teleportation
 e - a scroll of poison
 f - a scroll of immolation
 j - 2 scrolls of noise
 m - 2 scrolls of vulnerability
 o - a scroll of blinking
 q - a scroll of fog
 r - a scroll of brand weapon
 t - a scroll of butterflies
 u - a scroll of amnesia {unknown}
 y - a scroll of silence
 z - a scroll of torment {unknown}
Potions
 i - a potion of lignification
 n - a potion of might
 s - a potion of brilliance {unknown}
 v - a potion of enlightenment {unknown}
 x - a potion of heal wounds {unknown}
 A - a potion of degeneration {unknown}


   Skills:
 - Level 2.2 Fighting
 * Level 13.9 Ranged Weapons
 - Level 8.5 Armour
 - Level 7.3 Dodging
 - Level 3.5 Stealth


You had 9 spell levels left.
You didn't know any spells.
Your spell library contained the following spells:

 Spells                   Type           Power      Damage    Failure   Level
 Apportation              Tloc           0%         N/A       34%         1
 Foxfire                  Conj/Fire      0%         2x1d4     34%         1
 Magic Dart               Conj           0%         1d3       34%         1
 Necrotise                Necr           0%         1d4       34%         1
 Slow                     Hex            0%         N/A       34%         1
 Sting                    Conj/Alch      0%         1d3       34%         1
 Summon Small Mammal      Summ           0%         N/A       34%         1
 Blink                    Tloc           0%         N/A       47%         2
 Call Imp                 Summ           0%         N/A       47%         2
 Lesser Beckoning         Tloc           0%         N/A       47%         2
 Momentum Strike          Conj/Tloc      0%         3d8       47%         2
 Sublimation of Blood     Necr           0%         N/A       47%         2
 Confusing Touch          Hex            0%         N/A       71%         3
 Sigil of Binding         Hex            0%         N/A       71%         3
 Vampiric Draining        Necr           0%         2d6       71%         3
 Petrify                  Alch/Erth      0%         N/A       98%         4
 Irradiate                Conj/Alch      0%         3d11      100%        5
 Plasma Beam              Fire/Air       0%         2x1d10    100%        6
 Starburst                Conj/Fire      0%         6d3       100%        6


Dungeon Overview and Level Annotations

Branches:
Dungeon (9/15)             Temple (1/1) D:6            Lair (0/5) D:9
    Orc: D:9-12

Altars:
Ashenzari
Cheibriados
Dithmenos
Elyvilon
Fedhas
Gozag
Hepliaklqana
Kikubaaqudgha
Makhleb
Nemelex Xobeh
Okawaru
Qazlal
Ru
Sif Muna
Trog
Uskayaw
Vehumet
Wu Jian
Xom
Yredelemnul
Zin
The Shining One

Shops:
D:1 ?   D:7 *

Annotations:
D:7 2 transporters, exclusion: oklob plant, RancidPinata's ghost, weakling OpDe


Innate Abilities, Weirdness & Mutations

You are very small and have problems with some larger weapons.
You are too small for most types of armour.
You have supernaturally acute eyesight. (SInv)
You cover ground extremely quickly. (Speed+++)


Message History

You shoot an arrow.
The arrow hits the centaur but does no damage.
The centaur is severely wounded.
The centaur shoots an arrow.
The arrow misses you.
You shoot an arrow.
The arrow completely misses the centaur.
The centaur shoots an arrow.
The arrow completely misses you.
You shoot an arrow. The arrow closely misses the centaur.
The centaur shoots an arrow.
The arrow closely misses you.
You shoot an arrow. The arrow barely misses the centaur.
The centaur shoots an arrow.
The arrow hits you!
* * * LOW HITPOINT WARNING * * *
The centaur shoots an arrow.
The arrow closely misses you.
The centaur shoots an arrow.
The arrow closely misses you.
You climb upwards.
There is a stone staircase leading down here.
You start resting.
HP restored.
You start waiting.
Done waiting.
Done exploring.
Done exploring.
Okay, then.
You climb downwards.
The centaur shoots an arrow.
The arrow completely misses you.
There is a stone staircase leading up here.
You shoot an arrow. The arrow hits the centaur!
The centaur is heavily wounded.
The centaur shoots an arrow.
The arrow hits you!
You shoot an arrow. The arrow hits the centaur.
The centaur is heavily wounded.
The centaur shoots an arrow.
The arrow hits you.
You shoot an arrow. The arrow barely misses the centaur.
The centaur shoots an arrow.
The arrow hits you!
You are too injured to fight recklessly!
The centaur shoots an arrow.
The arrow hits you!
* * * LOW HITPOINT WARNING * * *
The centaur shoots an arrow.
The arrow hits you!
You die...
Your body crumbles into a pile of gold.

#..P.....P..#.##...# #.###
..........P........# ##....
......>........c..## ##...##
....[....P...###.#### ##.....#
#...........## #.##.## ##.......
##.........#####.#...####........
####.....####...........'........
.##<....## #........####........
.##.#.#.# #.#.@.#.## ##.......
.##.###.# #.......# ##.....#
........# #.......# ##...##
....##### #.......# ##'## ##..#
#.......# #.# #..# ####.####
#.### #..# #.# ##.#.. ...# #.#
##....# ##.## #.# ####.....#


You could see a centaur.

Vanquished Creatures
  3 two-headed ogres
  An elephant (D:9)
  2 trolls
  A hornet (D:7)
  Sigmund (D:2)
  A vampire (D:9)
  7 yaks
  A sky beast (D:8)
  4 black bears
  3 ice beasts
  A centaur (D:4)
  A phantom (D:5)
  4 kobold brigands
  3 scorpions
  2 bullfrogs
  4 gnoll sergeants
  7 killer bees
  4 howler monkeys
  2 hounds (D:7)
  A bombardier beetle (D:8)
  A jelly (D:5)
  4 iguanas
  3 orc priests
  2 sleepcaps
  A gnoll bouda (D:8)
  Jessica (D:3)
  Terence (D:2)
  4 orc wizards (D:8)
  Robin (D:2)
  19 gnolls
  3 adders
  A white imp (D:8)
  4 ufetubi
  A ribbon worm (D:2)
  4 dart slugs
  14 orcs
  5 ball pythons
  5 bats
  6 endoplasms
  3 giant cockroaches
  9 goblins
  11 hobgoblins
  6 quokkas
  A frilled lizard (D:1)
  22 kobolds
  4 rats
189 creatures vanquished.

Notes
Turn   | Place    | Note
-------+----------+-------------------------------------------
     0 | D:1      | ces the Spriggan Hunter began the quest for the Orb.
     0 | D:1      | Reached XP level 1. HP: 10/10 MP: 2/2
   130 | D:1      | Reached XP level 2. HP: 9/14 MP: 3/3
   166 | D:1      | Found Beisia's Magic Scroll Shop.
   967 | D:2      | Reached skill level 5 in Ranged Weapons
  1001 | D:2      | Reached XP level 3. HP: 18/18 MP: 4/4
  1025 | D:2      | Noticed Terence
  1113 | D:2      | Killed Terence
  1323 | D:2      | Reached XP level 4. HP: 22/22 MP: 5/5
  1415 | D:2      | Noticed Sigmund
  1448 | D:2      | Killed Sigmund
  1449 | D:2      | Reached skill level 7 in Ranged Weapons
  1449 | D:2      | Reached XP level 5. HP: 19/25 MP: 6/6
  1637 | D:2      | Noticed Robin
  1713 | D:2      | Killed Robin
  1714 | D:2      | Reached XP level 6. HP: 30/30 MP: 7/7
  2126 | D:3      | Found a sparkling altar of Nemelex Xobeh.
  2188 | D:3      | Noticed Jessica
  2191 | D:3      | Killed Jessica
  2713 | D:3      | Found a faded altar of an unknown god.
  2715 | D:3      | Found an iron altar of Okawaru.
  2768 | D:3      | Found a glowing golden altar of the Shining One.
  2771 | D:3      | Found a blossoming altar of Fedhas.
  2771 | D:3      | Found a shimmering blue altar of Sif Muna.
  2778 | D:3      | Found a radiant altar of Vehumet.
  3493 | D:4      | Reached XP level 7. HP: 24/35 MP: 8/8
  3877 | D:5      | Entered Level 5 of the Dungeon
  4817 | D:5      | Reached skill level 8 in Ranged Weapons
  5202 | D:5      | Reached skill level 9 in Ranged Weapons
  6220 | D:6      | Found a staircase to the Ecumenical Temple.
  6223 | D:6      | Identified the +0 mace of Eternal War {elec, +Blink Int+5
                  | Dex-5}
  6232 | Temple   | Entered the Ecumenical Temple
  6237 | Temple   | Became a worshipper of Gozag Ym Sagoz the Greedy
  6821 | D:6      | Reached skill level 1 in Armour
  6821 | D:6      | Reached XP level 8. HP: 39/39 MP: 9/9
  8181 | D:7      | Noticed an oklob plant
  8188 | D:7      | Reached skill level 10 in Ranged Weapons
  8190 | D:7      | Found a transporter.
  8287 | D:7      | Noticed a hornet
  8693 | D:7      | Found Fen Vun's General Store.
  8824 | D:7      | Noticed a troll
  8824 | D:7      | Noticed a two-headed ogre
  8961 | D:7      | Noticed RancidPinata's ghost (weakling OpDe)
  9070 | D:7      | Killed a hornet
  9071 | D:7      | Reached skill level 5 in Dodging
  9435 | D:7      | Noticed a slime creature
  9663 | D:7      | Killed a troll
  9664 | D:7      | Reached XP level 9. HP: 25/42 MP: 10/10
  9969 | D:7      | Found a transporter.
 10126 | D:7      | Killed a two-headed ogre
 10127 | D:7      | Reached skill level 11 in Ranged Weapons
 10127 | D:7      | Reached skill level 5 in Armour
 10585 | D:8      | Identified the +0 flail of Usaruc {venom, rN+}
 11112 | D:8      | Found a snail-covered altar of Cheibriados.
 11990 | D:8      | Reached skill level 12 in Ranged Weapons
 12260 | D:8      | Reached XP level 10. HP: 46/46 MP: 11/11
 13721 | D:9      | Noticed an elephant
 13981 | D:9      | Reached skill level 13 in Ranged Weapons
 14064 | D:9      | Noticed a two-headed ogre
 14131 | D:9      | Killed a two-headed ogre
 14339 | D:9      | Found a staircase to the Lair.
 14558 | D:9      | Killed an elephant
 14716 | D:9      | Noticed a two-headed ogre
 14753 | D:9      | Killed a two-headed ogre
 15001 | D:9      | Shot with an arrow by a centaur

Illustrated notes

Levels and vault maps discovered:
D:1:      amcnicky_arrival_flooded_fountain, layout_basic, serial_shops, shop
D:2:      layout_basic, uniq_sigmund, uniq_robin, uniq_terence
D:3:      layout_loops_ring, nicolae_overflow_hallway_of_the_gods,
          mainiacjoe_overflow_six_doors_small, chequers_ecumenical_altar_simple,
          minmay_misc_feat_pillars, uniq_jessica, uniq_crazy_yiuf_cottage
D:4:      layout_basic, grunt_decor_resistance
D:5:      layout_layer_cave
D:6:      layout_loops_ring, minmay_temple_entry_sparse_star, serial_glass,
          glass_columns_a, glass_columns_b
D:7:      layout_gridville, serial_shops, nicolae_shop_pleasant_corner_grove,
          nzn_ghost_randoct, wad_mini_maze
D:8:      layout_basic, slow_altar_1
D:9:      minmay_angry_zag, layout_loops_corners, david_lair_generic, uniq_erica
Temple:   minmay_freezing_vapour_temple

Skill      XL: |  1  2  3  4  5  6  7  8  9 10 |
---------------+-------------------------------+-----
Ranged Weapons | 5 7 9 10 12 13 | 13.9
Dodging        | 3 5 7 |  7.3
Stealth        | 3 |  3.5
Fighting       | 2 |  2.2
Armour         | 1 4 6 8 |  8.5

Action                     |  1- 3 |  4- 6 |  7- 9 | 10-12 || total
---------------------------+-------+-------+-------+-------++-------
  Melee: Dagger            |       |       |     2 |       ||     2
         Shortbow          |       |       |     1 |       ||     1
   Fire: Shortbow          |   115 |   134 |   771 |   363 ||  1383
    Use: Scroll            |       |     7 |     8 |     1 ||    16
         Potion            |       |     5 |     4 |     1 ||    10
 Armour: Robe              |     3 |    16 |    69 |    35 ||   123
         Skin              |       |    24 |       |       ||    24
  Dodge: Dodged            |    20 |    23 |   153 |    92 ||   288
